Insonnia, lawful female human Monk ------ ------------- |....| ------ |............# |....|#0#############h@#######################..>..| |.{.......<.|# ## |..`..## |....| |...........|# # --.---## ------------- #.....| --+----------##################|......|..0.| #|....| ## # # ## |...........| #--|--- ##### # ####|...........| # # ### # # #-............## ##0### ##### # # ------------- # # # ##--------.-- ### ######### ####..........| # -.-.- #####|.........| ### |...| ## #..........| # ------ ##|...| |.........| ##-....-# # |((.| |.........| |....|######....| ----------- |....| # ----- |.....### ------ Insonnia the Initiate Experience level: 9 Strength: 18/04 Dexterity: 14 Constitution: 12 Intelligence: 11 Wisdom: 13 Charisma: 9 Health: 59(59) Energy: 49(49) AC: 0 Gold: 1439 Moves: 6050 Your Inventory: Coins $ - 1439 gold pieces Amulets X - an [uncursed] convex amulet [of ESP] Weapons k - a cursed [-2] curved sword [scimitar] x - 3 [uncursed] poisoned [+0] crude arrows [of stealth (orcish)] Armor a - an uncursed +2 pair of leather gloves (being worn) b - an uncursed +1 robe named Sei un mitooooooooo (being worn) r - an uncursed [+0] pair of iron shoes y - a blessed +0 orcish helm (being worn) z - a blessed +1 pair of iron shoes (being worn) Comestibles d - an [uncursed] food ration e - 2 [uncursed stale] eggs g - 5 uncursed apples h - 6 uncursed oranges i - 4 uncursed fortune cookies l - 4 [uncursed] tripe rations S - 2 [uncursed] slime molds T - an [uncursed] lizard corpse Scrolls m - a [blessed] scroll labeled GARVEN DEH [of enchant armor] J - an [uncursed] unlabeled scroll [of blank paper] Potions p - an [uncursed] amber potion [of full healing] u - an [uncursed] golden potion [of speed] D - an [uncursed] slimy potion [of extra healing] Rings B - an uncursed ring of see invisible Wands q - an [uncursed] zinc wand [of undead turning (0:2)] A - an [uncursed] wand of striking [0:0] O - an uncursed wand of wishing (1:1) W - an [uncursed] wand of fire [0:3] Tools n - an [uncursed] tinning kit [0:58] o - an [uncursed] lock pick t - an [uncursed] expensive camera [0:94] v - an uncursed magic lamp w - an uncursed magic marker (0:22) C - an [uncursed] partly used [wax] candle E - 8 [uncursed wax] candles I - an [uncursed] magic lamp L - an [uncursed] credit card Gems j - an [uncursed] black gem [worthless glass] s - 2 [uncursed] yellowish brown gems [worthless glass] H - an [uncursed] green gem [worthless glass] Spells known in the end: Name Level Category Fail Memory a - sleep 1 enchantment 0% [||||||..] Your skills at the end: Fighting Skills martial arts [Skilled / Grand Master] Weapon Skills Spellcasting Skills healing spells [Basic / Expert] Final Attributes: You were piously aligned. Hunger level was 326. Your alignment was 39 / 40. Monster difficulty range was 0 - 6. Level difficulty was 3. You were immune to sleep. You were immune to poison. You saw invisible. You were warned. You had automatic searching. You were stealthy. You were fast. Your luck was zero. You survived. Vanquished creatures: 2 small mimics a glass piercer a wood golem a gelatinous cube 2 flaming spheres a gargoyle a red naga a giant beetle a quivering blob 3 wolves 3 leprechauns an orc-captain an iron piercer a giant spider a scorpion an ice vortex a black light a vampire bat a forest centaur a yeti a Green-elf a lizard a housecat a dust vortex a gnome mummy 2 snakes an ape a snow ant a bugbear a water nymph 6 Mordor orcs 10 Uruk-hai an orc shaman a rock piercer an enormous rat a violet fungus 5 gnome lords 2 gnomish wizards 2 red naga hatchlings a black naga hatchling a guardian naga hatchling a gray ooze a barrow wight a paper golem a wax golem 2 giant ants 2 kittens 2 dwarves 4 rothes a giant bat a monkey a dwarf zombie 2 iguanas 7 killer bees 5 coyotes a gas spore a hobbit 3 large kobolds 4 hobgoblins a giant rat 4 cave spiders a green mold 20 gnomes 4 geckos 3 jackals a fox 2 goblins 5 sewer rats 4 grid bugs a lichen a kobold zombie 4 newts 159 creatures vanquished. Voluntary challenges: You followed a strict vegan diet. You never hit with a wielded weapon. You read items or engraved 11 times. You put on armor 8 times. You never genocided any monsters. You never polymorphed an object. You never changed form. You used 1 wish. You used 1 wish for magical items. You did not wish for any artifacts. You never wrote Elbereth's name. You never encountered a bones level. You used 8 Sokoban shortcuts. Dungeon overview: The Dungeons of Doom: levels 1 to 10 Level 1 some fountains a long staircase Level 2 a fountain stairs to The Gnomish Mines Level 3 (charging) <- You were here a fountain Level 7 a fountain Level 8 a fountain Level 9 some fountains Level 10 many fountains, some trees stairs to Sokoban The Gnomish Mines: levels 3 to 5 Level 3 stairs to The Dungeons of Doom Level 5 some shops, a temple to Shan Lai Ching, a magic chest, some fountains Sokoban: levels 7 to 9 Level 9 a magic chest stairs to The Dungeons of Doom History has recorded: On T:1 you entered the Dungeons of Doom to retrieve the Amulet of Yendor! On T:139 you reached level 2 of The Dungeons of Doom. On T:206 you advanced to experience level 2. On T:258 you reached level 1 of The Gnomish Mines. On T:276 you advanced to experience level 3. On T:289 you advanced to experience level 4. On T:326 you advanced to experience level 5. On T:393 you reached level 2 of The Gnomish Mines. On T:454 you advanced to experience level 6. On T:701 you reached level 3 of The Gnomish Mines. On T:900 you advanced to experience level 7. On T:1548 you reached level 3 of The Dungeons of Doom. On T:1744 you reached level 4 of The Dungeons of Doom. On T:1934 you reached level 5 of The Dungeons of Doom. On T:2155 you reached level 6 of The Dungeons of Doom. On T:2324 you wished for "2 blessed scrolls of charging". On T:2347 you advanced to experience level 8. On T:3069 you reached level 7 of The Dungeons of Doom. On T:3146 you reached level 8 of The Dungeons of Doom. On T:3282 you reached level 9 of The Dungeons of Doom. On T:3462 you reached level 10 of The Dungeons of Doom. On T:3619 you reached level 3 of Sokoban. On T:4556 you advanced to experience level 9. On T:4581 you reached level 2 of Sokoban. On T:5830 you reached level 1 of Sokoban. Latest messages: Where do you want to travel to? Where do you want to travel to? Where do you want to travel to? Where do you want to travel to? You see here a sling. Where do you want to travel to? You can't go up here. Where do you want to travel to? Where do you want to travel to? You named this level: charging. Where do you want to travel to? Where do you want to travel to? You stop for the hobbit. (4x) Final status: Punardarsanaya Insonnia the Monk... You quit in The Dungeons of Doom on dungeon level 3 with 15051 points, and 1439 pieces of gold, after 6050 moves. You were level 9 with a maximum of 59 hit points when you quit.